 Seeded DCSS version 0.28-a0-1412-gf95308ed99 (webtiles) character file.

Game seed: 20220106 (custom seed)

40 flotson the Ducker (level 3, 0/26 (28) HPs)
             Began as a Demonspawn Gladiator on Jan 6, 2022.
             Killed from afar by Natasha (10 damage)
             ... with a magic dart
             ... on level 2 of the Dungeon.
             The game lasted 00:02:28 (1090 turns).

flotson the Ducker (Demonspawn Gladiator)           Turns: 1090, Time: 00:02:29

HP:   0/26 (28)     AC:  6    Str: 16    XL:     3   Next: 30%
MP:   3/3           EV: 11    Int:  9    God:
Gold: 58            SH:  0    Dex: 14    Spells: 2/2 levels left

rFire   . . .      SeeInvis .   g - +1 dagger (drain)
rCold   . . .      Faith    .   (no shield)
rNeg    . . .      Spirit   .   h - +0 ring mail
rPois   .          Reflect  .   c - +0 helmet
rElec   .          Harm     .   (no cloak)
rCorr   .          Rampage  .   (no gloves)
Will    .....                   (no boots)
Stlth   +.........              (no amulet)
HPRegen 0.08/turn               (no ring)
MPRegen 0.08/turn               (no ring)

@: drained
A: hooves 1, powered by death 1
a: no special abilities


You were on level 2 of the Dungeon.
You visited 1 branch of the dungeon, and saw 2 of its levels.

You collected 58 gold pieces.

Inventory:

Hand Weapons
 a - a +0 war axe
 g - a +1 dagger of draining (weapon)
Missiles
 d - 3 throwing nets (quivered)
Armour
 c - a +0 helmet (worn)
 h - a +0 ring mail (worn)
Scrolls
 f - a scroll of summoning {unknown}
 j - a scroll of noise {unknown}
Potions
 b - 2 potions of attraction {unknown}
 e - a potion of haste {unknown}
 i - a potion of curing {unknown}


   Skills:
 + Level 2.5 Fighting
 + Level 3.0 Axes
 + Level 2.2 Throwing
 + Level 3.0 Dodging


You had 2 spell levels left.
You didn't know any spells.
Your spell library was empty.

Dungeon Overview and Level Annotations

Branches:
Dungeon (2/15)

Altars:

Annotations:
D:2 Natasha, Sigmund


Innate Abilities, Weirdness & Mutations

You have large cloven feet.
You regenerate a little health from kills.


Message History

You completely miss Natasha.
Natasha is severely wounded.
Natasha claws you but does no damage.
The crimson imp hits you but does no damage.
You miss Natasha.
Natasha is severely wounded.
Natasha zaps a wand.
The puff of flame misses you.
The crimson imp shouts, "Give up, thou mangled dismal-dreaming mendicant!"
The crimson imp barely misses you.
You barely miss Natasha. Your kick misses Natasha.
Natasha is severely wounded.
The crimson imp hits you but does no damage.
Natasha zaps a wand.
The puff of flame hits you.
You barely miss Natasha.
Natasha is severely wounded.
The crimson imp closely misses you.
Natasha stares at you and mumbles some strange words.
The magic dart hits you.
You closely miss Natasha.
Natasha is severely wounded.
Natasha zaps a wand.
The puff of flame misses you. The crimson imp barely misses you.
You barely miss Natasha.
Natasha is severely wounded.
Natasha zaps a wand.
The puff of flame hits you!
The crimson imp hits you but does no damage.
You are too injured to fight recklessly!
You are too injured to fight recklessly!
You are too injured to fight recklessly!
You are too injured to fight recklessly!
You are too injured to fight recklessly!
You are too injured to fight recklessly!
You barely miss Natasha.
Natasha is severely wounded.
Natasha zaps a wand.
The puff of flame misses you. The crimson imp hits you.
You closely miss Natasha. Your kick misses Natasha.
Natasha is severely wounded.
Natasha casts a spell at you. The magic dart hits you!
You die...

#.........#
#.........#
#.........#
#.........#
#.........#
#.........#
###...5.....##
#.....@h......
#.########..##
##########.#
#..........#
#.##########
#.#<..#
#.###.#
#.....#
#######


You could see Natasha (drained) and a crimson imp (summoned).

Vanquished Creatures
  2 dart slugs
  3 ball pythons (D:1)
  A bat (D:1)
  5 endoplasms (D:1)
  2 giant cockroaches
  4 goblins (D:1)
  4 jackals (D:1)
  4 kobolds (D:1)
  2 quokkas (D:1)
  2 rats (D:1)
29 creatures vanquished.

Notes
Turn   | Place    | Note
-------+----------+-------------------------------------------
     0 | D:1      | flotson the Demonspawn Gladiator began the quest for the
                  | Orb.
     0 | D:1      | Reached XP level 1. HP: 16/16 MP: 1/1
    87 | D:1      | Found a faded altar of an unknown god.
   348 | D:1      | Gained mutation: You have large cloven feet. [demonic
                  | ancestry]
   348 | D:1      | Reached XP level 2. HP: 16/22 MP: 2/2
   697 | D:1      | Gained mutation: You regenerate a little health from kills.
                  | [demonic ancestry]
   697 | D:1      | Reached XP level 3. HP: 23/24 MP: 3/3
  1029 | D:2      | Noticed Sigmund
  1077 | D:2      | Noticed Natasha
  1090 | D:2      | Killed from afar by Natasha

Illustrated notes

Levels and vault maps discovered:
D:1:      saegor_arrival_miasma, layout_rooms, shapermc_ecumenical_altar_ellora,
          minmay_pentomino_p2
D:2:      layout_basic, basic_altar, uniq_robin, uniq_sigmund, uniq_natasha

Skill      XL: |  1  2 |
---------------+-------+-----
Throwing       | 2 |  2.2
Dodging        | 3 |  3.0
Axes           | 3 |  3.0
Fighting       | |  2.5

Action                   || total
-------------------------++-------
Melee: War axe           ||    41
       Dagger            ||    39
       Kick              ||    11
 Stab: Sleeping          ||     1
Armor: Leather armour    ||    11
       Skin              ||     1
       Ring mail         ||    12
Dodge: Dodged            ||    45

Table legend: (Time is in decaauts)
 A = Elapsed time spent in this place.
 B = Non-inter-level travel time spent in this place.
 C = Inter-level travel time spent in this place.
 D = Time resting spent in this place.
 E = Time spent auto-exploring this place.
 F = Levels seen in this place.
 G = Mean time per level.
                   A        B        C        D        E       F      G
               +--------+--------+--------+--------+--------+-----+--------+
         Total |   1104 |   1048 |     56 |    236 |    624 |   2 |  552.0 |
       Dungeon |   1104 |   1048 |     56 |    236 |    624 |   2 |  552.0 |
               +--------+--------+--------+--------+--------+-----+--------+

Top non-repeatable levels by time:
     D:1: 1062 daAuts
     D:2: 42 daAuts
